 Dungeon Crawl Stone Soup version 0.29-a0-284-gf9362112df (webtiles) character file.

Game seed: 8917658846033919693

58 Krypt the Shield-Bearer (level 4, -16/36 HPs)
             Began as a Formicid Fighter on Mar 28, 2022.
             Demolished by an ogre
             ... wielding a +0 giant club
              (26 damage)
             ... on level 2 of the Dungeon.
             The game lasted 00:04:20 (1885 turns).

Krypt the Shield-Bearer (Formicid Fighter)          Turns: 1885, Time: 00:04:20

Health: -16/36     AC:  7    Str: 22    XL:     4   Next: 21%
Magic:  4/4        EV:  9    Int:  8    God:
Gold:   88         SH:  4    Dex: 10    Spells: 3/3 levels left

rFire   + . .      SeeInvis +   a - +0 war axe (chaos)
rCold   x . .      Faith    .   c - +0 buckler
rNeg    . . .      Spirit   .   b - +0 scale mail
rPois   .          Reflect  .   (helmet unavailable)
rElec   .          Harm     .   (no cloak)
rCorr   .          Rampage  .   (no gloves)
Will    .....                   (no boots)
Stlth   ..........              (no amulet)
HPRegen 0.12/turn               f - ring of fire
MPRegen 0.09/turn               (no ring)

@: no status effects
A: permanent stasis, dig shafts and tunnels, antennae 3, four strong arms
a: Dig, Shaft Self


You were on level 2 of the Dungeon.
You visited 1 branch of the dungeon, and saw 2 of its levels.

You collected 88 gold pieces.

Inventory:

Hand Weapons
 a - a +0 war axe of chaos (weapon)
Armour
 b - a +0 scale mail (worn)
 c - a +0 buckler (worn)
Jewellery
 f - a ring of fire (left hand)
Scrolls
 h - a scroll of teleportation
Potions
 e - 2 potions of attraction {unknown}
 g - a potion of ambrosia {unknown}


   Skills:
 + Level 3.6 Fighting
 + Level 2.9 Axes
 + Level 3.7 Armour
 + Level 0.8 Dodging
 + Level 4.1 Shields


You had 3 spell levels left.
You didn't know any spells.
Your spell library was empty.

Dungeon Overview and Level Annotations

Branches:
Dungeon (2/15)

Altars:


Innate Abilities, Weirdness & Mutations

You cannot be hasted, slowed, berserked, paralysed or teleported.
You can dig through walls and to a lower floor.
You have a pair of large antennae on your head. (SInv)
Your four strong arms can wield two-handed weapons with a shield.


Message History

You start resting.
You feel a little less mighty now.
You start resting.
HP restored.
You start waiting.
A bat comes into view.
A bat is nearby!
Found a bubbling orange potion.
A frilled lizard comes into view.
The frilled lizard hisses angrily.
An ogre comes into view. It is wielding a +0 giant club.
The bat hits you but does no damage.
The ogre shouts!
The bat hits you.
You see here a +6 ring of strength.
You barely miss the bat. You block the bat's attack.
You slash the bat! You burn the bat.
You kill the bat!
As you read the scroll labelled GOEXOKOTWENER, it crumbles to dust.
You feel a strange sense of stasis.
It was a scroll of teleportation.
The frilled lizard hisses.
The ogre attacks as you move away! The ogre hits you with a +0 giant club.
You slash the ogre!
The ogre is heavily wounded.
The ogre hits you with a +0 giant club!!
Ouch! That really hurt!
* * * LOW HITPOINT WARNING * * *
The frilled lizard bites you but does no damage.
You hit the ogre.
The ogre is severely wounded.
You barely miss the frilled lizard. The ogre closely misses you.
The frilled lizard barely misses you.
You barely miss the ogre.
The ogre is severely wounded.
You slash the frilled lizard!
Lightning courses through the frilled lizard!!
You kill the frilled lizard!
The ogre hits you with a +0 giant club!!
Ouch! That really hurt!
You die...

#<<.>...####..##
#........########..##
##.#..######.##...##
#.... ##.....#.#
#...#####....###.# .
#..#.#......#.....##.#
...#.#.#.............#
.#.#.....#........###
#.!...=.....O@....#
.......#...........#
..#.#..............#
#....................
..#.........?....###
...................#
...................#
...#...##..........#
... #..........


You could see an ogre.

Vanquished Creatures
  A gnoll (D:1)
  An adder (D:2)
  A dart slug (D:1)
  4 ball pythons
  7 bats
  4 endoplasms
  2 giant cockroaches (D:1)
  2 goblins (D:1)
  3 jackals (D:1)
  10 frilled lizards
  A kobold (D:1)
  4 rats (D:1)
40 creatures vanquished.

Notes
Turn   | Place    | Note
-------+----------+-------------------------------------------
     0 | D:1      | Krypt the Formicid Fighter began the quest for the Orb.
     0 | D:1      | Reached XP level 1. HP: 18/18 MP: 1/1
   552 | D:1      | Reached XP level 2. HP: 23/23 MP: 2/2
   641 | D:1      | Reached skill level 4 in Shields
   828 | D:1      | Reached XP level 3. HP: 29/29 MP: 3/3
  1645 | D:2      | Reached XP level 4. HP: 33/36 MP: 4/4
  1870 | D:2      | Noticed an ogre
  1885 | D:2      | Demolished by an ogre

Illustrated notes

Levels and vault maps discovered:
D:1:      tarquinn_simple_flora_water_f, layout_basic, minmay_lizard_pond
D:2:      layout_rooms, uniq_terence, uniq_jessica

Skill      XL: |  1  2 |
---------------+-------+-----
Shields        | 4 |  4.1
Fighting       | |  3.6
Axes           | |  2.9
Armour         | |  3.7
Dodging        | |  0.8

Action                   |  1- 3 |  4- 6 || total
-------------------------+-------+-------++-------
Melee: War axe           |    78 |    14 ||    92
 Abil: Dig               |     4 |       ||     4
  Use: Scroll            |     2 |     1 ||     3
       Potion            |       |     1 ||     1
Armor: Scale mail        |    44 |     8 ||    52
Dodge: Dodged            |    50 |     4 ||    54
Block: Buckler           |    27 |     5 ||    32

Table legend: (Time is in decaauts)
 A = Elapsed time spent in this place.
 B = Non-inter-level travel time spent in this place.
 C = Inter-level travel time spent in this place.
 D = Time resting spent in this place.
 E = Time spent auto-exploring this place.
 F = Levels seen in this place.
 G = Mean time per level.
                   A        B        C        D        E       F      G
               +--------+--------+--------+--------+--------+-----+--------+
         Total |   1921 |   1910 |     11 |    946 |    682 |   2 |  960.5 |
       Dungeon |   1921 |   1910 |     11 |    946 |    682 |   2 |  960.5 |
               +--------+--------+--------+--------+--------+-----+--------+

Top non-repeatable levels by time:
     D:1: 1632 daAuts
     D:2: 288 daAuts
